 Dungeon Crawl Stone Soup version 0.32-a0-643-ga006e7742e (webtiles) character file.

Game seed: 5248664820163516290

820 croobank the Sneak (level 7, -12/46 HPs)
             Began as an Octopode Summoner on Mar 8, 2024.
             Was a Believer of Yredelemnul.
             Mangled by a gnoll
             ... wielding a +0 halberd
             ... led by a gnoll sergeant
              (15 damage)
             ... on level 5 of the Dungeon.
             The game lasted 00:17:12 (5269 turns).

croobank the Sneak (Octopode Summoner)              Turns: 5269, Time: 00:17:13

Health: -12/46     AC:  1    Str:  7    XL:     7   Next: 95%
Magic:  7/12       EV: 14    Int: 19    God:    Yredelemnul [**....]
Gold:   95         SH:  0    Dex: 13    Spells: 3/13 levels left

rFire   . . .        b - +1 dagger
rCold   . . .        (no shield)
rNeg    . . .        (helmet restricted)
rPois   .            (no amulet)
rElec   .            o - ring of resist corrosion
rCorr   +            t - +4 ring of slaying
SInv    .            (no ring)
Will    .....        (no ring)
Stlth   +++++        (no ring)
HPRegen 0.27/turn    (no ring)
MPRegen 0.13/turn    (no ring)
                     (no ring)

%: no passive effects
@: wreathed by umbra, inugami summoned
A: almost no armour, amphibious, 8 rings, camouflage 1, gelatinous body 1,
(nimble swimmer 1), tentacles
a: Renounce Religion, Light the Black Torch, Recall Undead Harvest, Hurl
Torchlight


You were on level 5 of the Dungeon.
You worshipped Yredelemnul.
Yredelemnul was noncommittal.
You visited 1 branch of the dungeon, and saw 5 of its levels.
You also visited: Sewer.

You collected 160 gold pieces.
You spent 65 gold pieces at shops.

Inventory:

Hand Weapons
 b - a +1 dagger (weapon)
Missiles
 f - 29 poisoned darts
 r - 8 boomerangs
 v - a curare-tipped dart
Jewellery
 o - a ring of resist corrosion (left tentacle)
 t - a +4 ring of slaying (right tentacle)
Talismans
 i - a beast talisman
Wands
 q - a wand of digging (6)
 s - a wand of mindburst (11)
 w - a wand of light (4)
Scrolls
 g - 2 scrolls of teleportation {unknown}
 j - a scroll of vulnerability {unknown}
 n - 2 scrolls of identify {unknown}
 y - a scroll of silence {unknown}
Potions
 a - 3 potions of magic
 c - a potion of heal wounds {unknown}
 d - a potion of mutation {unknown}
 e - 2 potions of lignification {unknown}
 h - 2 potions of might {unknown}
 k - 2 potions of berserk rage
 l - 2 potions of haste {unknown}
 m - 2 potions of resistance {unknown}
 p - 3 potions of attraction {unknown}
 u - a potion of degeneration {unknown}
 x - a potion of curing {unknown}


   Skills:
 + Level 3.1 Fighting
 + Level 4.0 Dodging
 + Level 5.7 Stealth
 + Level 3.6 Spellcasting
 + Level 5.2 Summonings
 * Level 1.2 Fire Magic
 + Level 3.1 Invocations


You had 3 spell levels left.
You knew the following spells:

 Your Spells              Type           Power      Damage    Failure   Level
a - Summon Small Mammal   Summ           92%        N/A       1%          1
b - Call Imp              Summ           46%        N/A       2%          2
c - Call Canine Familiar  Summ           23%        N/A       4%          3
d - Summon Blazeheart Go  Fire/Summ      15%        N/A       36%         4

Your spell library contained the following spells:

 Spells                   Type           Power      Damage    Failure   Level
 Blink                    Tloc           6%         N/A       22%         2
 Lesser Beckoning         Tloc           6%         N/A       22%         2
 Momentum Strike          Conj/Tloc      6%         3d8       22%         2
 Summon Lightning Spire   Summ/Air       13%        N/A       43%         4


Dungeon Overview and Level Annotations

Branches:
Dungeon (5/15)              Sewer (visited)
 Temple: D:4-7

Altars:
Hepliaklqana
Sif Muna
Xom
Yredelemnul

Shops:
D:1 [   D:2 :!*   D:3 *   D:4 [


Innate Abilities, Weirdness & Mutations

You cannot wear most types of armour.
You are amphibious.
You can wear up to eight rings at the same time.
Your skin changes colour to match your surroundings (Stealth+).
Your rubbery body absorbs attacks. (AC +1, EV +1)
((You are camouflaged when in or above water. (Stealth+)))
You have tentacles for arms and can constrict up to eight enemies at once.


Message History

You constrict the gnoll sergeant.
The gnoll hits your bombardier beetle zombie with a +0 halberd!
Your bombardier beetle zombie is destroyed!
The gnoll sergeant completely misses you.
Your inugami hits the gnoll sergeant but does no damage.
You hit the gnoll sergeant but do no damage.
The gnoll sergeant is moderately wounded.
You constrict the gnoll sergeant. Your inugami hits the gnoll sergeant.
The gnoll sergeant misses you.
The gnoll hits you from afar with a +0 spear.
You hit the gnoll sergeant but do no damage.
The gnoll sergeant is heavily wounded.
You constrict the gnoll sergeant. The gnoll closely misses you.
Your inugami hits the gnoll sergeant. The gnoll closely misses you.
The gnoll barely misses you. The gnoll sergeant barely misses you.
You hit the gnoll sergeant. You squeeze the gnoll sergeant.
The gnoll sergeant is severely wounded.
You constrict the gnoll sergeant.
The gnoll hits you from afar with a +0 halberd!
The gnoll hits you with a +0 whip. The gnoll closely misses you.
The gnoll sergeant hits you with a +0 spear.
* * * LOW HITPOINT WARNING * * *
Your inugami hits the gnoll sergeant.
You are too injured to fight recklessly!
You are too injured to fight recklessly!
You release your grip on the gnoll sergeant.
The gnoll attacks as it pursues you! The gnoll barely misses you.
Your inugami barely misses the gnoll sergeant.
The gnoll barely misses your inugami.
A hound comes into view.
The gnoll sergeant hits you from afar with a +0 spear!
* * * LOW HITPOINT WARNING * * *
The gnoll attacks as it pursues you! The gnoll closely misses you.
The gnoll sergeant hits your inugami with a +0 spear!
Your inugami closely misses the gnoll sergeant.
The gnoll barely misses your inugami.
Your inugami hits the gnoll sergeant but does no damage.
The gnoll hits you from afar with a +0 halberd!
You die...
Your body rises from the dead as a mindless zombie.

........# #......#
#......# #......#
#.)....#
#######......#######
...................#
.....)..g..........#
.....h.ghg.@.......#
.........g.........#
...................#
##############.....#
#.....# #.....#
#.....#
##########.....#
........Z.######


You could see a gnoll sergeant (ally target), a hound, 3 gnolls and a friendly
inugami (summoned).

Vanquished Creatures
  3 kobold brigands (Sewer)
  A bombardier beetle (D:5)
  2 hounds (D:5)
  An orc priest (D:4)
  2 iguanas
  6 adders
  3 dart slugs
  5 orcs (D:4)
  A bat (D:1)
  9 endoplasms
  A giant cockroach (D:1)
  4 hobgoblins
  4 jackals (D:1)
  7 kobolds
  2 quokkas (D:2)
  6 ball pythons
  2 frilled lizards (D:1)
  6 goblins
  6 rats
71 creatures vanquished.

Vanquished Creatures (collateral kills)
  A phantom (D:4)
  2 kobold brigands (Sewer)
  4 gnolls
  2 adders
  2 river rats (Sewer)
  An orc (D:5)
  3 endoplasms
  A giant cockroach (D:4)
  3 hobgoblins
  4 jackals
  A ball python (D:1)
  A bat (D:2)
  2 frilled lizards (D:1)
  3 goblins
  2 kobolds (D:1)
  7 rats
39 creatures vanquished.

Vanquished Creatures (others)
  2 hound zombies (D:5)
  3 adder zombies (Sewer)
  A gnoll zombie (D:4)
  A bombardier beetle zombie (D:5)
  A hobgoblin zombie (D:4)
  A kobold zombie (Sewer)
  An orc zombie (D:5)
10 creatures vanquished.

Grand Total: 120 creatures vanquished

Notes
Turn   | Place    | Note
-------+----------+-------------------------------------------
     0 | D:1      | croobank the Octopode Summoner began the quest for the Orb.
     0 | D:1      | Reached XP level 1. HP: 11/11 MP: 3/3
   168 | D:1      | Found Vostu's Armour Emporium.
   243 | D:1      | Reached XP level 2. HP: 14/18 MP: 1/5
   313 | D:1      | Learned a level 2 spell: Call Imp
   697 | D:1      | Reached XP level 3. HP: 22/22 MP: 6/6
   701 | D:1      | Learned a level 3 spell: Call Canine Familiar
   938 | D:1      | Reached skill level 1 in Fighting
  1148 | D:1      | Found a faded altar of an unknown god.
  1155 | D:1      | Prayed at the altar of an unknown god.
  1155 | D:1      | Became a worshipper of Yredelemnul the Fallen
  1155 | D:1      | Reached * piety under Yredelemnul
  1409 | D:2      | Found Guongelo's Distillery.
  1417 | D:2      | Bought a potion of berserk rage for 65 gold pieces
  1624 | D:2      | Found Lamesch's Book Emporium.
  1919 | D:2      | Reached XP level 4. HP: 28/28 MP: 7/7
  1950 | D:2      | Found Estrecas's Assorted Antiques.
  2484 | D:3      | Found Derunar's General Store.
  2900 | D:4      | Reached skill level 1 in Invocations
  2947 | D:4      | Found a shimmering altar of Xom.
  3004 | D:4      | Noticed an animated shadow dragon scales
  3005 | D:4      | Found Ukoxtut's Armour Boutique.
  3007 | D:4      | Noticed an animated crystal plate armour
  3032 | D:4      | Reached XP level 5. HP: 33/33 MP: 8/8
  3036 | D:4      | Found a glowing drain.
  3039 | D:4      | Reached ** piety under Yredelemnul
  3062 | Sewer    | Entered a sewer
  3115 | Sewer    | Noticed a kobold brigand
  3135 | Sewer    | Killed a kobold brigand
  3203 | Sewer    | Noticed a kobold brigand
  3246 | Sewer    | Killed a kobold brigand
  3247 | Sewer    | Reached XP level 6. HP: 39/39 MP: 2/10
  3824 | Sewer    | Reached skill level 5 in Stealth
  3824 | Sewer    | Reached XP level 7. HP: 32/45 MP: 11/11
  3838 | Sewer    | Reached skill level 5 in Summonings
  4101 | D:4      | Found a shimmering blue altar of Sif Muna.
  4789 | D:4      | Learned a level 4 spell: Summon Blazeheart Golem
  4943 | D:4      | Found a hazy altar of Hepliaklqana.
  5005 | D:5      | Entered Level 5 of the Dungeon
  5159 | D:5      | Reached skill level 1 in Fire Magic
  5267 | D:5      | HP: 2/46 [gnoll sergeant/+0 spear (8)]
  5269 | D:5      | Mangled by a gnoll

Illustrated notes

Levels and vault maps discovered:
D:1:      psy_arrival_whirlpool, layout_basic, serial_shops,
          nicolae_shop_just_a_little_nook,
          hellmonk_ecumenical_altar_leap_of_faith, minmay_cupped
D:2:      layout_basic, serial_shops, shop, shop, shop
D:3:      kennysheep_big_flooded_room, layout_basic, serial_shops, shop
D:4:      layout_layer_cave, kennysheep_little_box,
          nicolae_sif_muna_condensation, marbit_many_paths, serial_shops,
          nicolae_shop_mannequins, portal_sewer_entry_b, serial_bayou,
          serial_bayou_lagoon_a, serial_bayou_lagoon_b, serial_bayou_crossing,
          serial_bayou_shore_b, serial_bayou_pond_d, hex_tiny
D:5:      layout_gridville, uniq_grinder

Skill      XL: |  1  2  3  4  5  6  7 |
---------------+----------------------+-----
Stealth        | 3 4 5 |  5.7
Fighting       | 1 2 3 |  3.1
Invocations    | 1 2 3 |  3.1
Dodging        | 3 4 |  4.0
Spellcasting   | 3 |  3.6
Summonings     | 5 |  5.2
Fire Magic     | 1 |  1.2

Action                     |  1- 3 |  4- 6 |  7- 9 || total
---------------------------+-------+-------+-------++-------
  Melee: Dagger            |    50 |    53 |    43 ||   146
         Constrict         |    18 |    10 |     7 ||    35
         Tentacles         |    13 |    13 |     9 ||    35
   Cast: Summon Small Mamm |    23 |    11 |     4 ||    38
         Call Imp          |     8 |     9 |     3 ||    20
         Call Canine Famil |     1 |     6 |     3 ||    10
 Invoke: Light the Black T |     1 |     3 |     1 ||     5
    Use: Scroll            |       |     3 |     2 ||     5
   Stab: Sleeping          |     5 |    12 |     7 ||    24
 Armour: Skin              |    22 |    10 |    21 ||    53
  Dodge: Dodged            |    29 |    27 |    21 ||    77

Table legend: (Time is in decaauts)
 A = Elapsed time spent in this place.
 B = Non-inter-level travel time spent in this place.
 C = Inter-level travel time spent in this place.
 D = Time resting spent in this place.
 E = Time spent auto-exploring this place.
 F = Levels seen in this place.
 G = Mean time per level.
                   A        B        C        D        E       F      G
               +--------+--------+--------+--------+--------+-----+--------+
         Total |   5266 |   5116 |    150 |    135 |   3726 |   6 |  877.7 |
       Dungeon |   4288 |   4138 |    150 |    105 |   3180 |   5 |  857.6 |
         Sewer |    977 |    977 |      0 |     30 |    546 |   1 |  977.0 |
               +--------+--------+--------+--------+--------+-----+--------+

Top non-repeatable levels by time:
     D:1: 1250 daAuts
     D:4: 1151 daAuts
   Sewer: 977 daAuts
     D:2: 884 daAuts
     D:3: 737 daAuts
     D:5: 263 daAuts
